 Dungeon Crawl Stone Soup version 0.30-a0-652-gcc886f7154 (webtiles) character file.

Game seed: 12587087104796448395

58 Dittersdorf the Shield-Bearer (level 4, -2/29 HPs)
             Began as a Gargoyle Fighter on Jan 17, 2023.
             Killed by divine providence
             ... invoked by an orc priest
              (8 damage)
             ... on level 3 of the Dungeon.
             The game lasted 00:01:37 (1361 turns).

Dittersdorf the Shield-Bearer (Gargoyle Fighter)    Turns: 1361, Time: 00:01:38

Health: -2/29      AC: 11    Str: 21    XL:     4   Next: 2%
Magic:  13/13      EV:  9    Int:  9    God:
Gold:   78         SH:  4    Dex:  9    Spells: 3/3 levels left

rFire   . . .      SeeInvis .    a - +0 flail
rCold   . . .      Faith    .    c - +0 buckler
rNeg    + . .      Spirit   .    b - +0 scale mail
rPois   ∞          Reflect  .    (no helmet)
rElec   +          Harm     .    (no cloak)
rCorr   .          Rampage  .    h - +0 pair of gloves
Will    .....                    (no boots) Stlth
                                 (no amulet)
HPRegen 0.24/turn                o - ring of magical power
MPRegen 0.13/turn                (no ring)

@: no status effects
A: sickness immunity, AC +3, negative energy resistance 1, electricity
resistance, torment resistance 1, petrification resistance
a: no special abilities


You were on level 3 of the Dungeon.
You visited 1 branch of the dungeon, and saw 3 of its levels.

You collected 148 gold pieces.
You spent 70 gold pieces at shops.

Inventory:

Hand Weapons
 a - a +0 flail (weapon)
Armour
 b - a +0 scale mail (worn)
 c - a +0 buckler (worn)
 h - a +0 pair of gloves (worn)
Jewellery
 o - a ring of magical power (left hand)
Scrolls
 f - 2 scrolls of identify {unknown}
 i - a scroll of summoning {unknown}
 k - 3 scrolls of teleportation {unknown}
 l - a scroll of acquirement {unknown}
Potions
 d - a potion of might
 e - a potion of berserk rage {unknown}
 g - 2 potions of curing {unknown}
 j - 2 potions of degeneration {unknown}
 m - 3 potions of heal wounds
 n - a potion of cancellation {unknown}


   Skills:
 + Level 3.8 Fighting
 + Level 2.6 Maces & Flails
 + Level 3.8 Armour
 + Level 3.9 Shields


You had 3 spell levels left.
You didn't know any spells.
Your spell library was empty.

Dungeon Overview and Level Annotations

Branches:
Dungeon (3/15)

Altars:

Shops:
D:2 !?


Innate Abilities, Weirdness & Mutations

You are immune to sickness and miasma.
Your stone body is resilient. (AC +3)
You are immune to poison.
You resist negative energy. (rN+)
You are resistant to electric shocks. (rElec)
You are resistant to unholy torment.
You are immune to petrification.


Message History

You hear a shout!
You sock the jackal!
You kill the jackal!
An orc comes into view. It is wielding a +0 dagger.
You block the jackal's attack.
You have reached level 4!
You feel clever. The jackal attacks as you move away! The jackal bites you.
The jackal closely misses you.
The jackal bites you but does no damage.
The jackal attacks as you move away! The jackal closely misses you.
The jackal bites you.
You thump the jackal!
You kill the jackal!
The orc priest hits you with a +0 hand axe.
You see here a jackal corpse.
You barely miss the orc priest. The orc priest misses you.
You hit the orc.
The orc is almost dead.
The orc priest looks braver for a moment.
You hit the orc but do no damage.
The orc is almost dead.
The orc completely misses you.
The orc priest calls down the wrath of Beogh upon you.
Beogh smites you!
You hit the orc but do no damage.
The orc is almost dead.
You block the orc's attack. The orc hits you but does no damage.
The orc priest invokes the aid of Beogh against you.
Beogh smites you!
* * * LOW HITPOINT WARNING * * *
You hit the orc but do no damage.
The orc is almost dead.
The orc hits you but does no damage.
You barely miss the orc.
The orc is almost dead.
The orc hits you but does no damage.
The orc priest mumbles some strange prayers to Beogh against you.
Beogh smites you!
You die...

#################
#............@oo#
#.#############o#
#.# #.# ####.#
#o# .....#####
#o# )........#
#o# ########....
#....o..# ..
#..####o# ....


You could see an orc priest, an orc wizard and an orc.

Vanquished Creatures
  An adder (D:2)
  A dart slug (D:2)
  4 ball pythons
  3 bats
  6 endoplasms
  A giant cockroach (D:1)
  3 goblins
  3 hobgoblins
  8 jackals
  4 kobolds
  2 quokkas (D:2)
  2 frilled lizards
  3 rats
41 creatures vanquished.

Notes
Turn   | Place    | Note
-------+----------+-------------------------------------------
     0 | D:1      | Dittersdorf the Gargoyle Fighter began the quest for the
                  | Orb.
     0 | D:1      | Reached XP level 1. HP: 14/14 MP: 1/1
     2 | D:1      | Noticed a troll
     2 | D:1      | Noticed a naga
     4 | D:1      | Noticed a tengu
     6 | D:1      | Noticed a formicid
     6 | D:1      | Noticed a demonspawn
     8 | D:1      | Noticed a spriggan
    10 | D:1      | Noticed a draconian
    10 | D:1      | Noticed a gargoyle
    12 | D:1      | Noticed an armataur
    14 | D:1      | Noticed a felid
    14 | D:1      | Noticed a human
    16 | D:1      | Noticed a merfolk
    16 | D:1      | Noticed an elf
    18 | D:1      | Noticed an ogre
    18 | D:1      | Noticed a vampire
    20 | D:1      | Noticed an octopode
    20 | D:1      | Noticed a vine stalker
    22 | D:1      | Noticed a meteoran
    22 | D:1      | Noticed a demigod
    24 | D:1      | Noticed a vampire
    24 | D:1      | Noticed a ghoul
    26 | D:1      | Noticed an armataur
    26 | D:1      | Noticed a vine stalker
   142 | D:1      | Reached XP level 2. HP: 17/19 MP: 2/2
   781 | D:2      | Reached XP level 3. HP: 21/23 MP: 3/3
   829 | D:2      | Found Direal's Magic Scroll Emporium.
   922 | D:2      | Found Kegaamp's Distillery.
   928 | D:2      | Bought a potion of heal wounds for 70 gold pieces
  1347 | D:3      | Reached XP level 4. HP: 29/29 MP: 4/4
  1361 | D:3      | Killed from afar by an orc priest

Illustrated notes

Levels and vault maps discovered:
D:1:      kb_arrival_jail, layout_basic
D:2:      layout_basic, serial_shops, shop_scrolls, shop
D:3:      layout_loops_ring, uniq_sigmund

Action                   |  1- 3 |  4- 6 || total
-------------------------+-------+-------++-------
Melee: Flail             |   102 |     7 ||   109
Armor: Scale mail        |    45 |     4 ||    49
Dodge: Dodged            |    52 |     4 ||    56
Block: Buckler           |    17 |     1 ||    18

Table legend: (Time is in decaauts)
 A = Elapsed time spent in this place.
 B = Non-inter-level travel time spent in this place.
 C = Inter-level travel time spent in this place.
 D = Time resting spent in this place.
 E = Time spent auto-exploring this place.
 F = Levels seen in this place.
 G = Mean time per level.
                   A        B        C        D        E       F      G
               +--------+--------+--------+--------+--------+-----+--------+
         Total |   1394 |   1327 |     67 |      0 |   1054 |   3 |  464.7 |
       Dungeon |   1394 |   1327 |     67 |      0 |   1054 |   3 |  464.7 |
               +--------+--------+--------+--------+--------+-----+--------+

Top non-repeatable levels by time:
     D:1: 652 daAuts
     D:2: 543 daAuts
     D:3: 198 daAuts
